 Dungeon Crawl Stone Soup version 0.29-a0-338-g1ff7896281 (webtiles) character file.

Game seed: 13136007246604449669

0 spaghetti the Sneak (level 1, 0/18 (20) HPs)
             Began as a Deep Dwarf Delver on Apr 18, 2022.
             Slain by a gnoll
             ... wielding a +0 spear
              (4 damage)
             ... on level 6 of the Dungeon.
             The game lasted 00:01:01 (153 turns).

spaghetti the Sneak (Deep Dwarf Delver)              Turns: 153, Time: 00:01:01

HP:   0/18 (20)     AC:  3    Str: 15    XL:     1   Next: 0%
MP:   1/1           EV: 12    Int: 10    God:
Gold: 11            SH:  0    Dex: 14    Spells: 0/0 levels left

rFire   . . .      SeeInvis .   a - +0 short sword {short}
rCold   . . .      Faith    .   (no shield)
rNeg    . . .      Spirit   .   b - +0 leather armour
rPois   .          Reflect  .   (no helmet)
rElec   .          Harm     .   (no cloak)
rCorr   .          Rampage  .   (no gloves)
Will    .....                   (no boots)
Stlth   +++.......              (no amulet)
HPRegen 0.00/turn               (no ring)
MPRegen 0.07/turn               (no ring)

@: heavily drained, invisible
A: damage resistance, heal wounds, sense surroundings 1, no regeneration
a: Heal Wounds


You were on level 6 of the Dungeon.
You visited 1 branch of the dungeon, and saw 2 of its levels.

You collected 11 gold pieces.


Innate Abilities, Weirdness & Mutations

You are resistant to damage.
You can heal yourself by infusing magical energy.
You passively map a small area around you.
You do not regenerate.


   Skills:
 - Level 2.6 Fighting
 - Level 1.7 Short Blades
 - Level 2.1 Dodging
 + Level 6.0 Stealth


You couldn't memorise any spells.
You didn't know any spells.
Your spell library was empty.

Inventory:

Hand Weapons
 a - a +0 short sword (weapon) {short}
Armour
 b - a +0 leather armour (worn)
Wands
 g - a wand of digging (3)
Scrolls
 c - a scroll of fog
 d - a scroll of magic mapping {!r}
 h - 2 scrolls of teleportation {unknown}

Dungeon Overview and Level Annotations

Branches:
Dungeon (6/15)
 Temple: D:4-7

Altars:

* * ,
#### * *
* #.. ,
* #†#*,
* , #@#
, ##.##
#gg.# *
#..l#, ,
#..g# ,
##o## *
* , **
#.# ,
#.# * ,
,*
####.###
*


You could see a gnoll sergeant (can't see you), an iguana (can't see you), 2
gnolls and an orc (can't see you).


Message History

MASSIVE DAMAGE!! (PAUSE) Unknown command.
You miss the sky beast.
The sky beast flickers out of sight!
Deactivating autopickup; reactivate with Ctrl-A.
Something hits you but does no damage.
Okay, then.
You can't see any enemies this would affect, really read the scroll of fear? [Y]es or [N]o only, please.
You can't see any enemies this would affect, really read the scroll of fear? [Y]es or [N]o only, please.
You can't see any enemies this would affect, really read the scroll of fear?
As you read the scroll of fear, it crumbles to dust.
You assume a fearsome visage.
Unknown command.
Unknown command.
You feel yourself speed up.
You miss something. You miss something. You completely miss something.
You barely miss something.
A sky beast appears from thin air!
Reactivating autopickup.
Okay, then.
You barely miss the sky beast.
A gnoll sergeant and 2 gnolls come into view.
The sky beast flickers out of sight!
Deactivating autopickup; reactivate with Ctrl-A.
You hit something but do no damage.
The gnoll shouts!
Something sets off the alarm!
The alarm trap emits a blaring wail!
A sentinel's mark forms upon you.
The gnoll shouts!
The gnoll sergeant shouts!
You hear a shout! x4
You hear an angry hiss. x2
You closely miss something. You miss something.
A sky beast appears from thin air!
Reactivating autopickup.
An orc comes into view. It is wielding a +0 hand axe.
Your extra speed is starting to run out.
Unknown command.
e - a fuming silvery potion An iguana comes into view.
There are no items here.
You feel yourself slow down.
The orc throws a boomerang.
The boomerang closely misses you.
The orc throws a boomerang.
The boomerang hits you.
Okay, then.
It was a potion of invisibility.
You fade into invisibility!
A scorpion comes into view.
A necrophage comes into view.
You hit the necrophage. The necrophage completely misses you.
You catch the helpless necrophage completely off-guard!
You hit the necrophage. The gnoll barely misses you.
A gnoll comes into view. It is wielding a +0 halberd.
The necrophage closely misses you.
A water moccasin comes into view.
You hit the necrophage. The necrophage closely misses you.
The gnoll hits you from afar with a +0 spear.
You hit the necrophage. The necrophage barely misses you.
The gnoll closely misses you.
You barely miss the necrophage.
The gnoll hits you from afar with a +0 spear.
The necrophage misses you. 😮 HP[-3]
You take 3 damage, and now have 11/20 hp.
Unknown command.
Unknown command.
You barely miss the necrophage. The gnoll hits you but does no damage.
The necrophage closely misses you.
You strike the helpless necrophage from behind!
You puncture the necrophage!
The gnoll hits you from afar with a +0 spear.
* * * LOW HITPOINT WARNING * * *
The necrophage closely misses you. 😨 HP[-4]
You take 4 damage, and now have 7/20 hp.
Unknown command.
You hit the necrophage but do no damage.
The gnoll closely misses you. The necrophage misses you.
You barely miss the necrophage.
The sentinel's mark upon you fades away.
The gnoll barely misses you. The necrophage barely misses you.
Unknown command.
Unknown command.
You closely miss the necrophage. The gnoll misses you. The necrophage hits you.
* * * LOW HITPOINT WARNING * * *
You feel drained. 😱 HP[-3]
You now have 18 max hp (-2).
You take 3 damage, and now have 4/18 hp.
Unknown command.
Unknown command.
You hit the necrophage. The necrophage closely misses you.
You closely miss the necrophage. The necrophage closely misses you.
The gnoll closely misses you.
You hit the necrophage.
You destroy the necrophage!
The gnoll hits you from afar with a +0 spear.
You die...

Action                   || total
-------------------------++-------
Melee: Short sword       ||    23
  Use: Potion            ||     2
       Scroll            ||     1
 Stab: Invisible         ||     2
       Sleeping          ||     1
Armor: Leather armour    ||     2
Dodge: Dodged            ||    18

Levels and vault maps discovered:
D:5:      dreamdust_elfheim, layout_basic, minmay_misc_feat_iff, uniq_eustachio
D:6:      layout_loops_corners, temple_fountains, corexii_corridor_pit

Notes
Turn   | Place    | Note
-------+----------+-------------------------------------------
     0 | D:5      | spaghetti the Deep Dwarf Delver began the quest for the
                  | Orb.
     0 | D:5      | Reached XP level 1. HP: 20/20 MP: 1/1
     0 | D:5      | magus.rc [v1.9.6]
    17 | D:5      | Noticed an ice beast
    78 | D:6      | Noticed a sky beast
   107 | D:6      | Noticed a gnoll sergeant
   127 | D:6      | Noticed an iguana
   134 | D:6      | Noticed a scorpion
   134 | D:6      | Noticed a necrophage
   139 | D:6      | Noticed a water moccasin
   150 | D:6      | HP: 4/20 [necrophage (3)]
   153 | D:6      | Killed a necrophage
   153 | D:6      | Slain by a gnoll

Vanquished Creatures
  A necrophage (D:6)
1 creature vanquished.

Table legend:
 A = Non-vault XP
 B = Vault XP
 C = Vault XP percentage of total XP
 D = Non-vault monster count
 E = Vault monster count
 F = Vault count percentage of total count
                 A         B        C        D         E       F
            +---------+---------+-------+---------+---------+-------
      Total |      85 |       0 |   0.0 |       1 |       0 |   0.0
            +---------+---------+-------+---------+---------+-------
        D:6 |      85 |       0 |   0.0 |       1 |       0 |   0.0
            +---------+---------+-------+---------+---------+-------

Illustrated notes

Table legend:
 A = Kills in this place as a percentage of kills in entire the game.
 B = Kills by you in this place as a percentage of kills by you in the entire game.
 C = Kills by friends in this place as a percentage of kills by friends in the entire game.
 D = Other kills in this place as a percentage of other kills in the entire game.
 E = Experience gained in this place as a percentage of experience gained in the entire game.
 F = Experience gained in this place divided by the number of levels of this place that you have seen.
                   A       B       C       D       E      F
               +-------+-------+-------+-------+-------+----------------------
         Total | 100.0 | 100.0 |   N/A |   N/A | 100.0 |  42.5
       Dungeon | 100.0 | 100.0 |   N/A |   N/A | 100.0 |  42.5
               +-------+-------+-------+-------+-------+----------------------

Table legend: (Time is in decaauts)
 A = Elapsed time spent in this place.
 B = Non-inter-level travel time spent in this place.
 C = Inter-level travel time spent in this place.
 D = Time resting spent in this place.
 E = Time spent auto-exploring this place.
 F = Levels seen in this place.
 G = Mean time per level.
                   A        B        C        D        E       F      G
               +--------+--------+--------+--------+--------+-----+--------+
         Total |    138 |    127 |     11 |      0 |     59 |   2 |   69.0 |
       Dungeon |    138 |    127 |     11 |      0 |     59 |   2 |   69.0 |
               +--------+--------+--------+--------+--------+-----+--------+

Top non-repeatable levels by time:
     D:6: 106 daAuts
     D:5: 32 daAuts
